 Dungeon Crawl Stone Soup version 0.26-a0-259-g1effd001a9 (webtiles) character file.

Game seed: 10388548876636743875

427 drasked the Chopper (level 6, -9/40 HPs)
             Began as a Gargoyle Berserker on July 14, 2020.
             Was a Priest of Trog.
             Killed from afar by an orc wizard (11 damage)
             ... with a puff of frost
             ... on level 3 of the Dungeon.
             The game lasted 00:03:11 (2829 turns).

drasked the Chopper (Gargoyle Berserker)            Turns: 2829, Time: 00:03:12

Health: -9/40      AC:  7    Str: 22    XL:     6   Next: 97%
Magic:  6/6        EV: 12    Int:  8    God:    Trog [***...]
Gold:   92         SH:  0    Dex:  9    Spells: 5/5 levels left

rFire    . . .     SeeInvis .   a - +0 hand axe
rCold    . . .     Faith    .   (no shield)
rNeg     + . .     Spirit   .   b - +0 animal skin
rPois    ∞         Reflect  .   (no helmet)
rElec    +         Harm     .   l - +0 cloak
rCorr    .                      (no gloves)
MR       .....                  (no boots)
Stlth    +.........             (no amulet)
HPRegen  0.13/turn              (no ring)
MPRegen  0.10/turn              (no ring)

@: no status effects
A: negative energy resistance 1, electricity resistance, unbreathing,
petrification resistance, rot immunity, AC +4
a: Berserk, Trog's Hand, Renounce Religion


You were on level 3 of the Dungeon.
You worshipped Trog.
Trog was most pleased with you.
You were not hungry.

You visited 1 branch of the dungeon, and saw 3 of its levels.

You collected 92 gold pieces.

Inventory:

Hand Weapons
 a - a +0 hand axe (weapon)
Armour
 b - a +0 animal skin (worn)
 l - a +0 cloak (worn)
   (You found it on level 2 of the Dungeon)
Scrolls
 d - a scroll of amnesia {unknown}
 f - 5 scrolls of identify {unknown}
 h - 2 scrolls of remove curse {unknown}
 k - a scroll of noise {unknown}
 m - a scroll of fog {unknown}
Potions
 c - 2 potions of degeneration {unknown}
 g - 2 potions of haste {unknown}
 j - 2 potions of curing {unknown}
Comestibles
 e - 10 rations


   Skills:
 + Level 5.0 Fighting
 * Level 5.2 Axes
 + Level 4.3 Armour
 - Level 1.5 Dodging


You had 5 spell levels left.
You didn't know any spells.
Your spell library was empty.

Dungeon Overview and Level Annotations

Branches:
Dungeon (3/15)

Altars:


Innate Abilities, Weirdness & Mutations

You are resistant to torment.
Your stone body is resilient. (AC +4)
You are immune to poison.
You resist negative energy. (rN+)
You are resistant to electric shocks. (rElec)
You can survive without breathing.
You are immune to petrification.
You are immune to rotting.


Message History

You barely miss the orc. The orc hits you but does no damage.
You hit the orc.
The orc wizard looks encouraged for a moment.
The orc closely misses you.
You slash the orc!
You kill the orc!
You barely miss the orc. The orc hits you but does no damage.
You slash the orc!
You kill the orc!
The worm closely misses you.
You see here a +0 club.
You hit the worm. You hit the worm. The worm bites you.
The orc wizard casts a spell.
The orc wizard seems to speed up.
You slash the worm! The worm bites you.
You hit the worm.
The orc wizard looks braver for a moment.
You hit the worm.
The orc wizard looks braver for a moment.
The worm misses you.
You hit the worm but do no damage. You completely miss the worm.
The worm barely misses you.
You hit the worm but do no damage. The worm bites you.
You hit the worm.
The orc wizard looks satisfied for a moment.
You hit the worm but do no damage. The worm completely misses you.
You completely miss the worm.
The orc wizard gestures wildly while chanting.
The orc wizard flickers and vanishes!
Deactivating autopickup; reactivate with Ctrl-A.
The worm bites you.
You are too injured to fight recklessly!
You are too injured to fight recklessly!
You are too injured to fight recklessly!
You are too injured to fight recklessly!
You barely miss the worm. You barely miss the worm.
The worm bites you but does no damage.
You hit the worm. You hit the worm but do no damage. The worm bites you.
* * * LOW HITPOINT WARNING * * *
You barely miss the worm. The worm barely misses you.
You hit the worm.
You kill the worm!
You completely miss something. Something hits you.
* * * LOW HITPOINT WARNING * * *
Something hits you.
* * * LOW HITPOINT WARNING * * *
You hit something. Something hits you.
* * * LOW HITPOINT WARNING * * *
Something hits you but does no damage.
You hit something. Something hits you but does no damage.
You closely miss something.
Something hits you but does no damage. x2
You hit something. Something hits you.
* * * LOW HITPOINT WARNING * * *
You closely miss something.
You hear some strange, mumbled words.
A magic dart appears from out of thin air!
The magic dart hits you.
* * * LOW HITPOINT WARNING * * *
Something hits you but does no damage.
You hit something. Something hits you but does no damage.
You miss something.
Something hits you but does no damage. x2
You hit something but do no damage.
You hear some strange, mumbled words.
A puff of frost appears from out of thin air!
The puff of frost hits you.
* * * LOW HITPOINT WARNING * * *
You closely miss something. Something hits you.
* * * LOW HITPOINT WARNING * * *
Something hits you.
* * * LOW HITPOINT WARNING * * *
You barely miss something. Something hits you but does no damage.
You miss something. Something hits you.
* * * LOW HITPOINT WARNING * * *
You hear some strange, mumbled words.
A magic dart appears from out of thin air!
The magic dart hits you.
* * * LOW HITPOINT WARNING * * *
You closely miss something. Something completely misses you.
You hit something. Something hits you.
* * * LOW HITPOINT WARNING * * *
Something completely misses you.
You hit something but do no damage.
You hear some strange, mumbled words.
A puff of flame appears from out of thin air!
The puff of flame misses you.
You hit something.
Something hits you but does no damage. x2
You miss something. Something barely misses you.
You hit something but do no damage.
You hear some strange, mumbled words.
A magic dart appears from out of thin air!
The magic dart hits you.
* * * LOW HITPOINT WARNING * * *
Something hits you but does no damage.
You closely miss something. Something hits you but does no damage.
You hear some strange, mumbled words.
A puff of frost appears from out of thin air!
The puff of frost hits you!
You die...

....# #.##.##.......#
##### #[##.########.#
#.)#.# ##.#.# #.#.#
#.#.# #.#.##
#######.#..#######.##
####............@{o(....
...........##.########..
####.########.# # #.#
#.# #..## ####.# #.#
#...# .....# #.# #...
###### #.# #.. .# #.#
#.# .# #.# ###.#


You could see an orc.

Levels and vault maps discovered:
D:1:      psy_arrival_fountain, layout_basic
D:2:      cheibrodos_fertilizer, layout_basic
D:3:      layout_loops_ring, uniq_jessica, uniq_terence

Notes
Turn   | Place    | Note
-------+----------+-------------------------------------------
     0 | D:1      | drasked the Gargoyle Berserker began the quest for the Orb.
     0 | D:1      | Reached XP level 1. HP: 14/14 MP: 1/1
   374 | D:1      | Reached skill level 3 in Axes
   374 | D:1      | Reached XP level 2. HP: 19/19 MP: 2/2
   822 | D:2      | Identified a +0 club
   848 | D:2      | Noticed a scorpion
   852 | D:2      | Killed a scorpion
   852 | D:2      | Reached skill level 3 in Armour
   852 | D:2      | Reached XP level 3. HP: 24/24 MP: 3/3
   852 | D:2      | Reached XP level 4. HP: 29/29 MP: 4/4
   923 | D:2      | Noticed a bullfrog
   935 | D:2      | Killed a bullfrog
   935 | D:2      | Reached skill level 4 in Fighting
   935 | D:2      | Reached skill level 4 in Axes
   935 | D:2      | Reached XP level 5. HP: 28/33 MP: 5/5
  1100 | D:2      | Identified a +0 club
  1109 | D:2      | Reached ** piety under Trog
  1202 | D:2      | Identified a +0 whip
  1202 | D:2      | Identified a +0 club
  1213 | D:2      | Identified a +0 cloak (You found it on level 2 of the
                  | Dungeon)
  1221 | D:2      | Identified a +0 spear
  1226 | D:2      | Identified a +0 halberd
  1472 | D:2      | Identified a +0 club
  1472 | D:2      | Identified a +0 club
  1473 | D:2      | Identified a +0 short sword
  1517 | D:2      | Reached XP level 6. HP: 16/39 MP: 6/6
  1757 | D:2      | Reached skill level 4 in Armour
  1991 | D:3      | Identified a +0 whip
  2008 | D:3      | Identified a +0 club
  2012 | D:3      | Reached skill level 5 in Axes
  2122 | D:3      | Identified a +0 robe
  2122 | D:3      | Noticed Jessica
  2130 | D:3      | Killed Jessica
  2142 | D:3      | Identified a +6 short sword of protection
  2142 | D:3      | Identified a cursed +0 chain mail
  2142 | D:3      | Noticed Terence
  2155 | D:3      | Killed Terence
  2381 | D:3      | Identified a +0 club
  2381 | D:3      | Identified a +0 whip
  2389 | D:3      | Reached skill level 5 in Fighting
  2600 | D:3      | Identified a +0 dagger
  2705 | D:3      | Identified a +0 club
  2781 | D:3      | Identified a +0 club
  2785 | D:3      | Identified a +0 short sword
  2785 | D:3      | Identified a +0 scale mail
  2787 | D:3      | Identified a +0 dagger
  2787 | D:3      | Identified a +0 robe
  2792 | D:3      | Reached *** piety under Trog
  2822 | D:3      | HP: 10/40 [something (1)]
  2828 | D:3      | HP: 2/40 [something/magic dart (5)]
  2829 | D:3      | Killed from afar by an orc wizard

Table legend:
 A = Turns spent in this place as a percentage of turns spent in the entire game.
 B = Non-inter-level travel turns spent in this place as a percentage of non-inter-level travel turns spent in the entire game.
 C = Inter-level travel turns spent in this place as a percentage of turns spent in this place.
 D = Turns resting spent in this place as a percentage of non-inter-level travel turns spent in this place.
 E = Turns spent auto-exploring this place as a percentage of non-inter-level travel turns spent in this place.
 F = Non-inter-level travel turns spent in this place divided by the number of levels of this place that you've seen.
                   A       B       C       D       E      F
               +-------+-------+-------+-------+-------+----------------------
         Total | 100.0 | 100.0 |   2.0 |  30.6 |  51.7 | 924.3
       Dungeon | 100.0 | 100.0 |   2.0 |  30.6 |  51.7 | 924.3
               +-------+-------+-------+-------+-------+----------------------

Table legend:
 A = Kills in this place as a percentage of kills in entire the game.
 B = Kills by you in this place as a percentage of kills by you in the entire game.
 C = Kills by friends in this place as a percentage of kills by friends in the entire game.
 D = Other kills in this place as a percentage of other kills in the entire game.
 E = Experience gained in this place as a percentage of experience gained in the entire game.
 F = Experience gained in this place divided by the number of levels of this place that you have seen.
                   A       B       C       D       E      F
               +-------+-------+-------+-------+-------+----------------------
         Total | 100.0 | 100.0 |   N/A |   N/A | 100.0 | 203.7
       Dungeon | 100.0 | 100.0 |   N/A |   N/A | 100.0 | 203.7
               +-------+-------+-------+-------+-------+----------------------

Skill      XL: |  1  2  3  4  5  6 |
---------------+-------------------+-----
Axes           | 3 4 5 |  5.2
Armour         | 3 4 |  4.3
Fighting       | 4 5 |  5.0
Dodging        | |  1.5

Action                   |  1- 3 |  4- 6 || total
-------------------------+-------+-------++-------
Melee: Hand axe          |    40 |   212 ||   252
Throw: Stone             |     4 |       ||     4
       Dart              |    24 |    67 ||    91
Invok: Berserk           |       |     2 ||     2
  Eat: Ration            |       |     2 ||     2
Armor: Animal skin       |    10 |    68 ||    78
Dodge: Dodged            |    36 |   108 ||   144

Vanquished Creatures
  A bullfrog (D:2)
  A scorpion (D:2)
  2 jellies (D:2)
  Jessica (D:3)
  Terence (D:3)
  A worker ant zombie (D:3)
  6 adders
  4 gnolls (D:2)
  7 oozes (D:2)
  A worm (D:3)
  2 dart slugs
  3 leopard geckos
  4 orcs (D:3)
  4 giant cockroaches
  4 goblins
  5 hobgoblins
  2 quokkas
  8 bats
  2 frilled lizards
  11 kobolds
  5 rats
75 creatures vanquished.

Vanquished Creatures (others)
  4 fungi (D:2)
  7 toadstools (D:2)
11 creatures vanquished.

Grand Total: 86 creatures vanquished
